Map: Persephone LE

Players

Fjant - Winner!

  • Race: Zerg Zerg
  • League: Grandmaster
  • Spawn Location: 7:00

DnS

  • Race: Protoss Protoss
  • Spawn Location: 11:00

Event: HomeStory Cup XXVII

VOD

Have the link to the VOD?

Description

Time

  • Played on: June 27, 2025, 8:05 a.m.
  • Length: 10:42

All games in this series

Show
View Real Time Build Order
Export as new Build Order

Fjant Zerg - Winner!

Build Orders: Hatch First 

Get SALT Encoding   

  12  0:00  Drone  
  13  0:07  Drone  
  13  0:14  Drone, Extractor  
  15  0:22  Overlord  
  15  0:41  Drone  
  16  0:46  Hatchery  
  16  0:50  Drone  
  16  0:52  Drone  
  16  0:56  Drone  
  18  1:06  Extractor  
  17  1:11  Spawning Pool  
  17  1:14  Drone  
  17  1:18  Drone  
  18  1:26  Drone  
  19  1:37  Drone  
  20  1:50  Drone  
  21  1:58  Zergling x2  
  21  2:00  Queen x2  
  26  2:03  Overlord  
  26  2:11  Metabolic Boost  
  26  2:13  Drone  
  27  2:16  Drone  
  28  2:24  Drone x2  
  31  2:30  Drone  
  31  2:35  Queen  
  33  2:44  Hatchery  
  33  2:46  Zergling x2  
  33  2:49  Overlord  
  33  2:56  Drone  
  33  2:57  Zergling x2  
  34  3:03  Overlord  
  34  3:06  Queen  
  34  3:11  Zergling x2  
  37  3:19  Drone x5  
  42  3:28  Drone x2  
  42  3:29  Queen  
  46  3:38  Overlord  
  46  3:41  Overlord  
  46  3:45  Drone  
  47  3:48  Drone  
  47  3:49  Drone x4, Spore Crawler  
  47  3:50  Drone  
  52  3:56  Overlord  
  52  3:59  Drone x2  
  54  4:04  Drone  
  54  4:07  Zergling x2, Roach Warren  
  55  4:11  Zergling x2  
  55  4:13  Drone x2  
  55  4:14  Zergling x4  
  60  4:18  Extractor x2  
  60  4:20  Drone  
  60  4:21  Spore Crawler  
  58  4:25  Drone  
  58  4:26  Lair  
  58  4:29  Drone  
  60  4:33  Drone x3  
  63  4:41  Drone x3  
  63  4:42  Drone  
  63  4:45  Overlord  
  67  4:46  Drone x2  
  67  4:49  Drone x2  
  71  4:53  Pneumatized Carapace  
  71  4:56  Overlord  
  71  5:01  Overlord  
  69  5:11  Overlord  
  69  5:14  Roach x6  
  80  5:17  Roach x2  
  84  5:26  Zergling x14  
  90  5:30  Spore Crawler  
  90  5:32  Zergling x6  
  92  5:43  Zergling x16  
  92  5:44  Ravager x2  
  92  5:47  Zergling x2  
  103  5:51  Zergling x4  
  103  5:56  Overlord  
  105  6:00  Overlord  
  105  6:01  Zergling x2  
  105  6:02  Ravager  
  105  6:06  Ravager  
  105  6:10  Overlord  
  106  6:13  Queen x2  
  106  6:14  Queen  
  111  6:20  Zergling x2  
  111  6:21  Zergling x8  
  113  6:29  Drone  
  113  6:30  Drone x2  
  113  6:31  Drone x2  
  117  6:37  Drone x2  
  118  6:44  Roach x5  
  118  6:46  Glial Reconstitution  
  124  6:56  Hatchery, Roach x3  
  129  7:05  Overlord x2  
  121  7:16  Roach x4  
  129  7:23  Roach x4  
  129  7:27  Roach  
  129  7:29  Queen  
  143  7:30  Roach  
  143  7:36  Roach  
  145  7:47  Overlord x2  
  145  7:50  Overlord x3  
  145  7:52  Overlord  
  145  7:59  Evolution Chamber  
  145  8:01  Roach  
  145  8:02  Overlord  
  145  8:03  Overlord  
  158  8:05  Roach x6  
  158  8:06  Roach  
  158  8:10  Burrow  
  159  8:14  Roach x2  
  159  8:15  Roach  
  159  8:18  Extractor  
  164  8:21  Roach x2  
  164  8:22  Extractor x2, Roach x4  
  174  8:27  Drone x3  
  174  8:29  Zerg Missile Weapons Level 1  
  174  8:31  Drone x3  
  174  8:32  Roach  
  174  8:33  Roach  
  183  8:38  Roach  
  177  8:43  Roach  
  177  8:44  Roach  
  162  8:48  Roach x2  
  162  8:52  Roach x2  
  159  8:56  Roach  
  159  8:57  Roach  
  159  9:00  Zergling x16  
  161  9:02  Roach  
  161  9:11  Ravager, Roach x3  
  161  9:13  Zergling x8  
  161  9:16  Zergling x6  
  175  9:19  Ravager  
  175  9:20  Zergling x4  
  178  9:25  Zergling x6  
  180  9:31  Roach x5  
  180  9:33  Ravager  
  180  9:34  Ravager  
  180  9:36  Zergling x2  
  193  9:43  Roach  
  193  9:44  Roach x2  
  199  9:46  Roach x3  
  188  9:56  Roach x7  
  188  9:58  Zergling x14  
  192  10:03  Roach  
  175  10:08  Roach x3  
  175  10:10  Roach  
  175  10:11  Roach  
  178  10:15  Roach  
  178  10:16  Roach x2  
  178  10:17  Roach  
  176  10:22  Roach x6  
Show
View Real Time Build Order
Export as new Build Order

DnS Protoss 

Build Orders: 1 Gate Expand, Oracle Opening, Archon Immortal, Archon Drop 

Get SALT Encoding   

  12  0:00  Probe  
  13  0:12  Probe  
  14  0:19  Pylon  
  14  0:24  Probe  
  15  0:33  Probe  
  15  0:41  Gateway, Probe  
  16  0:48  Assimilator  
  17  0:52  Probe  
  18  1:04  Probe  
  19  1:16  Probe  
  20  1:27  Nexus  
  20  1:37  Cybernetics Core  
  20  1:40  Probe  
  20  1:45  Assimilator  
  21  1:52  Probe  
  22  1:55  Pylon  
  22  2:03  Probe, Adept  
  23  2:11  Probe  
  26  2:18  Stargate  
  26  2:20  Probe  
  26  2:29  Warp Gate  
  27  2:33  Adept  
  27  2:34  Probe  
  29  2:37  Probe  
  29  2:43  Probe  
  31  2:49  Probe  
  33  2:53  Probe  
  33  2:55  Oracle  
  34  3:01  Probe  
  34  3:03  Adept  
  34  3:05  Probe  
  41  3:13  Probe  
  41  3:17  Probe  
  41  3:19  Pylon  
  43  3:27  Gateway  
  43  3:30  Probe x2  
  43  3:32  Oracle  
  45  3:47  Nexus  
  48  3:49  Probe x2  
  50  3:56  Pylon  
  50  4:01  Probe x2  
  52  4:06  Assimilator  
  52  4:08  Assimilator  
  52  4:13  Probe  
  52  4:15  Probe  
  54  4:18  Twilight Council  
  54  4:20  Forge  
  54  4:25  Probe  
  54  4:26  Robotics Facility  
  54  4:28  Probe  
  56  4:44  Probe  
  56  4:45  Protoss Ground Weapons Level 1, Probe, Charge  
  55  4:47  Gateway  
  55  4:48  Gateway  
  55  4:56  Probe  
  55  4:57  Probe  
  57  5:03  Probe  
  58  5:09  Probe x2, Templar Archives  
  58  5:12  Gateway, Stalker  
  58  5:13  Gateway  
  57  5:15  Probe  
  57  5:19  Zealot  
  57  5:21  Probe x2  
  60  5:22  Warp Prism  
  60  5:27  Probe  
  61  5:33  Probe x2  
  65  5:39  Probe  
  66  5:45  Probe x2  
  66  5:48  Gateway x2  
  68  5:51  Probe  
  68  5:52  Pylon  
  68  5:53  Pylon  
  69  5:57  Probe x2  
  71  6:05  High Templar x3  
  71  6:09  Immortal, Archon  
  71  6:10  Pylon  
  80  6:13  High Templar  
  80  6:14  Pylon, Zealot x2  
  80  6:17  Archon  
  77  6:32  Shield Battery x2  
  65  6:37  Sentry, Zealot x3  
  73  6:41  Immortal  
  75  6:55  Zealot x4  
  79  7:11  Pylon  
  79  7:12  Pylon  
  79  7:14  Pylon  
  77  7:20  Protoss Ground Weapons Level 2  
  77  7:25  Immortal  
  81  7:31  Pylon  
  81  7:32  High Templar  
  81  7:33  High Templar  
  85  7:37  Archon  
  85  7:58  Observer  
  85  8:00  High Templar  
  85  8:01  High Templar, Zealot x3  
  95  8:07  Archon  
  93  8:16  Zealot x2  
  93  8:17  Pylon, Probe  
  93  8:18  Probe  
  93  8:19  Immortal  
  103  8:25  Cybernetics Core  
  103  8:26  Gateway  
  103  8:27  Zealot x2  
  103  8:28  Pylon  
  105  8:42  Zealot x5  
  107  8:50  Immortal  
  93  9:04  Zealot x3  
  93  9:05  Zealot x4  
  107  9:13  Phoenix  
  101  9:41  Nexus  
  101  9:48  High Templar x2  
  101  9:49  High Templar x2  
  101  9:52  Archon  
  109  9:53  Archon  
  76  10:13  Zealot x3  
  76  10:14  Zealot  
  56  10:24  Sentry  
  56  10:26  Sentry  
Tags
 
Add a new tag
Caveats
  • Supply blocks, unpowered buildings, or Contaminate may cause inaccurate times.
  • Supply counts are checked every 10 seconds.